 Dungeon Sprint DCSS version 0.24.0-125-gc4c63601f3 (webtiles) character file.

Game seed: 16922006165436255968, levelgen mode: deterministic

6825 Ponchio the Eclecticist (level 10, -7/61 HPs)
             Began as a Deep Elf Earth Elementalist on Feb 25, 2020.
             Mangled by a bone dragon (18 damage)
             ... in the Dungeon (Sprint II: "The Violet Keep of Menkaure").
             The game lasted 00:21:31 (2516 turns).

Ponchio the Eclecticist (DEEE)                      Turns: 2516, Time: 00:21:32

Health: -7/61      AC:  2    Str:  5    XL:     10   Next: 77%
Magic:  22/33      EV: 20    Int: 24    God:
Gold:   453        SH:  0    Dex: 15    Spells: 23/44 levels left

rFire    . . .     SeeInvis .   (no weapon)
rCold    . . .     Gourm    .   (no shield)
rNeg     . . .     Faith    .   c - +0 robe
rPois    .         Spirit   .   (no helmet)
rElec    .         Reflect  .   (no cloak)
rCorr    .         Harm     .   (no gloves)
MR       +....     NoTele   +   (no boots)
Stlth    ++........             (no amulet)
HPRegen  0.20/turn              (no ring)
MPRegen  0.23/turn              (no ring)

@: slowed, very slow
A: frail 1
a: no special abilities


You were in the Dungeon.
You were not hungry.

You visited 1 branch You collected 972 gold pieces.
You spent 519 gold pieces at shops.

Inventory:

Missiles
 b - 9 stones (quivered)
Armour
 c - a +0 robe (worn)
Jewellery
 a - an uncursed amulet of harm
Potions
 e - 2 potions of curing
 f - a potion of heal wounds
 h - a potion of magic
 i - a potion of berserk rage


   Skills:
 - Level 10.9 Fighting
 - Level 11.1 Dodging
 - Level 2.4 Stealth
 + Level 17.6 Spellcasting
 * Level 0.0 Conjurations
 - Level 1.1 Transmutations
 + Level 16.1 Earth Magic


You had 23 spell levels left.
You knew the following spells:

 Your Spells              Type           Power        Failure   Level  Hunger
a - Sandblast             Erth           ######       0%          1    None
b - Passwall              Tmut/Erth      ######..     1%          2    None
c - Stone Arrow           Conj/Erth      ######       1%          3    None
d - Petrify               Tmut/Erth      ######..     1%          4    None
e - Lee's Rapid Deconstr  Erth           #######...   1%          5    None
f - Iron Shot             Conj/Erth      ######....   14%         6    ####...

Your spell library contained the following spells:

 Spells                   Type           Power        Failure   Level  Hunger
 Leda's Liquefaction      Hex/Erth       ######....   1%          4    None
 Bolt of Magma            Conj/Fire/Erth #####.....   8%          5    None
 Statue Form              Tmut/Erth      ######...    11%         6    ####...
 Shatter                  Erth           #######...   97%         9    #######


Dungeon Overview and Level Annotations

Branches:
Dungeon (1/1)

Altars:

Shops:
D :?==*!?*%:([}[?!

Annotations:
D exclusion: oklob plant


Innate Abilities, Weirdness & Mutations

You are frail. (-10% HP)


Message History

The blast of rock fragments hits the bone dragon.
The bone dragon is lightly damaged.
The blast of rock fragments hits the cacodemon!
The cacodemon is moderately wounded.
You hear a deafening roar!
The cacodemon gestures at you. The bolt of energy hits you!!!
Ouch! That really hurt!
* * * LOW HITPOINT WARNING * * *
You aren't carrying any scrolls.
You enter the shallow water.
Moving in this stuff is going to be slow.
There is an open gate here.
You enter the shallow water.
Moving in this stuff is going to be slow.
The cacodemon gestures at you. You resist with significant effort.
There is an open door here.
Some rock shatters into small pieces.
The bone dragon bites you!!
You die...

*∩∩∩∩∩∩#.,+,##≈≈§§§§≈##⌠,,,,*+***
*∩∩∩∩∩∩#..###§≈≈§§§§§§##,,,,*,,**
********#D.'≈§.§§§§§§§§#*++**,,,+
*,,D*#D..####≈≈§§≈§§§§##≈,,,***,*
*,,,2..,,..≈##§§≈≈≈§≈##,≈,,,,,***
###########§≈#'§'#'§'##***,,,,*,*
##########≈≈≈§.≈≈≈≈§§§#,,+,,,,*,,
#.....∩.∩#≈§§§2##D##..#,,****,*,,
#....∩.∩.#≈≈≈§#.@#≈##.####,,+,***
#...∩.∩..#≈≈≈≈#..#..#....#,,*,,,*
#..∩.∩...#≈≈####...####..##***,,*
#.⌠.∩....#≈##.###'.##.##..#,,+,,*
#..∩.∩..)#≈#.####.#....#..#,,*,,*
#...∩.∩..'≈'##.'.<.'.##'..#***,,*
#....∩.∩.#≈#...##.##...#....#**,,
▓▓▓▓▓▓▓###≈##.###'###.##......≈≈≈
#%YY######≈≈######.####≈≈.....≈#+


You could see a bone dragon and a cacodemon.

Vanquished Creatures
  Kirke (D)
  Roxanne (D)
  2 hell hogs (D)
  A skeletal warrior (D)
  An ice statue (D)
  A kobold demonologist (D)
  2 tyrant leeches (D)
  A blink frog (D)
  3 neqoxecs (D)
  Menkaure (D)
  4 necrophages (D)
  3 worms (D)
21 creatures vanquished.

Vanquished Creatures (others)
  A yaktaur captain (D)
  A centaur warrior (D)
  An elephant (D)
  A neqoxec (D)
  A crocodile (D)
5 creatures vanquished.

Grand Total: 26 creatures vanquished

Notes
Turn   | Place    | Note
-------+----------+-------------------------------------------
     0 | D        | Ponchio the Deep Elf Earth Elementalist began the quest for
                  | the Orb.
     0 | D        | Reached XP level 1. HP: 10/10 MP: 6/6
     1 | D        | Noticed a tyrant leech
     1 | D        | Noticed a tyrant leech
     5 | D        | Noticed a necrophage
     5 | D        | Noticed a necrophage
     5 | D        | Noticed a necrophage
     5 | D        | Noticed a necrophage
    11 | D        | Killed a necrophage
    11 | D        | Reached skill level 6 in Spellcasting
    11 | D        | Reached XP level 2. HP: 15/15 MP: 1/11
    11 | D        | Reached XP level 3. HP: 19/19 MP: 1/13
    11 | D        | Reached XP level 4. HP: 24/24 MP: 1/14
    15 | D        | Killed a necrophage
    15 | D        | Reached skill level 8 in Spellcasting
    15 | D        | Reached skill level 10 in Earth Magic
    15 | D        | Reached XP level 5. HP: 28/28 MP: 13/18
    18 | D        | Killed a necrophage
    18 | D        | Reached skill level 9 in Spellcasting
    22 | D        | Killed a necrophage
    22 | D        | Reached skill level 10 in Spellcasting
    22 | D        | Reached XP level 6. HP: 30/32 MP: 7/21
   121 | D        | Learned a level 2 spell: Passwall
   125 | D        | Learned a level 3 spell: Stone Arrow
   130 | D        | Learned a level 4 spell: Petrify
   136 | D        | Learned a level 5 spell: Lee's Rapid Deconstruction
   139 | D        | Noticed a neqoxec
   162 | D        | Found Jiatazenn's Assorted Antiques.
   162 | D        | Found Zile's Antique Armour Shoppe.
   162 | D        | Found Zioso's Antique Armour Shoppe.
   162 | D        | Found Heenakoare's Magic Scroll Emporium.
   162 | D        | Found Oropt's Distillery.
   162 | D        | Found Foumim's Antique Weapon Emporium.
   163 | D        | Found Yfriturgh's Magic Scroll Emporium.
   163 | D        | Found Dinishy's Book Shoppe.
   163 | D        | Found Zoroqeg's Food Emporium.
   163 | D        | Found Xed Caza's General Store.
   163 | D        | Found Efias's Jewellery Emporium.
   178 | D        | Killed a neqoxec
   178 | D        | Reached skill level 11 in Spellcasting
   178 | D        | Killed a neqoxec
   178 | D        | Reached skill level 5 in Dodging
   178 | D        | Reached XP level 7. HP: 44/44 MP: 12/24
   207 | D        | Killed a neqoxec
   240 | D        | Noticed a neqoxec
   241 | D        | Killed a neqoxec
   241 | D        | Reached skill level 5 in Fighting
   359 | D        | Noticed an ice statue
   393 | D        | Killed a tyrant leech
   393 | D        | Reached skill level 12 in Spellcasting
   468 | D        | Killed a tyrant leech
   468 | D        | Reached XP level 8. HP: 53/53 MP: 2/26
   588 | D        | Noticed Roxanne
   604 | D        | Found Gaicwum's Gadget Shoppe.
   605 | D        | Found Gareirun's Distillery.
   605 | D        | Noticed Menkaure
   623 | D        | Killed Menkaure
   678 | D        | Found Zomuaviran's Jewellery Shoppe.
   678 | D        | Found Vify's Magic Scroll Emporium.
   679 | D        | Noticed an oklob plant
   680 | D        | Found Icies's Book Shoppe.
   680 | D        | Noticed an ice dragon
   687 | D        | Noticed a polar bear
   690 | D        | Noticed a polar bear
   704 | D        | Bought a scroll of blinking for 82 gold pieces
   704 | D        | Bought a scroll of magic mapping for 38 gold pieces
   708 | D        | Bought a potion of curing for 39 gold pieces
   723 | D        | Bought an uncursed amulet of harm for 300 gold pieces
   759 | D        | Noticed a kobold demonologist
   759 | D        | Noticed Kirke
   763 | D        | Noticed a hell hog
   791 | D        | Killed a kobold demonologist
   932 | D        | Noticed a centaur warrior
   935 | D        | Noticed a skeletal warrior
   941 | D        | Noticed a blink frog
  1045 | D        | Killed a centaur warrior
  1078 | D        | Killed a yaktaur captain
  1223 | D        | Noticed a hell hog
  1224 | D        | Noticed an elephant
  1225 | D        | Killed a blink frog
  1225 | D        | Reached skill level 10 in Dodging
  1227 | D        | Killed a hell hog
  1227 | D        | Reached skill level 10 in Fighting
  1227 | D        | Reached XP level 9. HP: 28/63 MP: 11/27
  1336 | D        | Killed an elephant
  1426 | D        | Killed Kirke
  1426 | D        | Reached skill level 14 in Spellcasting
  1426 | D        | Reached XP level 10. HP: 43/68 MP: 2/30
  1553 | D        | Killed a hell hog
  1553 | D        | Reached skill level 15 in Spellcasting
  1794 | D        | Killed a skeletal warrior
  1794 | D        | Reached skill level 16 in Spellcasting
  1794 | D        | Reached skill level 15 in Earth Magic
  1853 | D        | Bought a ration for 60 gold pieces
  2327 | D        | Killed an ice statue
  2391 | D        | Killed Roxanne
  2391 | D        | Reached skill level 17 in Spellcasting
  2501 | D        | Learned a level 6 spell: Iron Shot
  2506 | D        | Noticed a cacodemon
  2508 | D        | Noticed a golden dragon
  2508 | D        | Gained mutation: You are frail. (-10% HP) [a cacodemon]
  2509 | D        | Noticed a bone dragon
  2516 | D        | Mangled by a bone dragon

Levels and vault maps discovered:
D:        the_violet_keep_of_menkaure [sprint2_stairs_cluster_1,
          sprint2_shoproom, sprint2_temple, sprint2_basic_supplies,
          sprint2_obstacle_2, sprint2_obstacle_4, sprint2_obstacle_6,
          sprint2_obstacle_5, sprint2_obstacle_7, sprint2_timed_cluster_1,
          sprint2_smallroom_cluster_1, sprint2_smallroom_final_cluster_1,
          sprint2_transparent_cluster_1, sprint2_second_timed_cluster_1,
          sprint2_sniper_area_1, sprint2_heavy_combat_area_1,
          sprint2_mutation_trap_area_1, sprint2_forest_area_1,
          sprint2_light_combat_area_1, sprint2_behind_water_1,
          sprint2_near_end_vault_1]

Skill      XL: |  1  2  3  4  5  6  7  8  9 10 |
---------------+-------------------------------+-----
Spellcasting   | 6 8 10 11 12 14 17 | 17.6
Earth Magic    | 8 10 12 14 16 | 16.1
Fighting       | 4 7 10 | 10.9
Dodging        | 5 7 11 | 11.1
Stealth        | |  2.4
Transmutations | |  1.1

Action                   |  1- 3 |  4- 6 |  7- 9 | 10-12 || total
-------------------------+-------+-------+-------+-------++-------
 Cast: Sandblast         |     4 |    14 |     2 |     1 ||    21
       Lee's Rapid Decon |       |     1 |    33 |    16 ||    50
       Passwall          |       |       |     1 |       ||     1
  Use: Potion            |     1 |     1 |       |       ||     2
       Scroll            |       |       |     3 |       ||     3
  Eat: Ration            |       |       |     1 |     1 ||     2
       Chunk             |       |       |       |     2 ||     2
Armor: Robe              |       |     2 |     2 |       ||     4
Dodge: Dodged            |     2 |     2 |     5 |     1 ||    10
